[ AOE2 MATCH · #504631416 ]
UnrankedTurks vs Teutons
Player's team · WIN
Rival team · LOSS
[ REPLAY ANALYSIS · EXTRACTED FROM THE RECORDED GAME ]
Feudal
10:38
Castle
14:15
Imperial
30:25
| APM avg | 43.2 |
| APM peak | 105 |
| eAPM avg | 25.4 |
| Villagers / military | 150 / 57 |
Focus
⚔️ 33.8% · 🌾 66.2%
Janissary ×16 · Scout Cavalry ×14 · Camel Scout ×12 · Monk ×7 · Mangonel ×4 · Bombard Cannon ×4
Feudal
9:35
Castle
28:12
Imperial
37:19
| APM avg | 39.0 |
| APM peak | 81 |
| eAPM avg | 21.3 |
| Villagers / military | 138 / 52 |
Focus
⚔️ 22.5% · 🌾 77.5%
Scout Cavalry ×23 · Teutonic Knight ×10 · Skirmisher ×8 · Trebuchet (Packed) ×6 · Monk ×5
Match map
Initial resources + every placement click. Lines = walls · curves = elevation contours. ◆ gold · ⬟ stone · ● berries · ✦ relic · ◌ wall gap
Your base· ✓ Closed at 14:15 · 10t walls · 2 gate(s)
LGN.Chelito_SM's base· ✓ Closed at 28:12 · 0t walls · 3 gate(s)
Smoothed initial terrain · ◌ = detected wall gap · hover for details
Inputs per minute
— 刻骨銘心 - - LGN.Chelito_SM
Build order — 刻骨銘心
First 150 of 372 actions detected
| 0:00 | Queue | Villager (Male) |
| 0:00 | Queue | Villager (Male) |
| 0:02 | Build | House |
| 0:02 | Build | House |
| 0:15 | Queue | Villager (Male) |
| 0:25 | Queue | Villager (Male) |
| 1:26 | Queue | Villager (Male) |
| 1:26 | Queue | Villager (Male) |
| 1:51 | Queue | Villager (Male) |
| 1:54 | Build | Lumber Camp |
| 2:27 | Queue | Villager (Male) |
| 2:27 | Queue | Villager (Male) |
| 2:55 | Queue | Villager (Male) |
| 3:08 | Queue | Villager (Male) |
| 3:25 | Build | House |
| 3:27 | Build | House |
| 3:28 | Build | House |
| 3:43 | Queue | Villager (Male) |
| 4:05 | Queue | Villager (Male) |
| 4:14 | Build | Mill |
| 4:29 | Build | House |
| 4:36 | Queue | Villager (Male) |
| 4:36 | Queue | Villager (Male) |
| 5:05 | Queue | Villager (Male) |
| 5:11 | Queue | Villager (Male) |
| 5:12 | Queue | Villager (Male) |
| 5:52 | Queue | Villager (Male) |
| 5:59 | Queue | Villager (Male) |
| 6:08 | Queue | Villager (Male) |
| 6:47 | Build | Mill |
| 6:49 | Queue | Villager (Male) |
| 7:12 | Queue | Villager (Male) |
| 7:44 | Queue | Villager (Male) |
| 8:07 | Build | Mining Camp |
| 8:28 | Research | Feudal Age |
| 8:28 | Research | Feudal Age |
| 8:29 | Research | Feudal Age |
| 10:05 | Build | House |
| 10:08 | Build | House |
| 10:11 | Build | House |
| 10:25 | Queue | Villager (Male) |
| 10:38 | Age | Feudal Age |
| 10:41 | Build | Market |
| 10:44 | Build | Blacksmith |
| 10:57 | Queue | Villager (Male) |
| 11:10 | Research | Loom |
| 11:35 | Research | Castle Age |
| 11:36 | Research | Castle Age |
| 12:06 | Build | House |
| 12:17 | Research | Double-Bit Axe |
| 12:30 | Build | Stone Wall |
| 12:38 | Build | Stone Wall |
| 12:40 | Build | Stone Wall |
| 12:44 | Build | Stone Wall |
| 12:47 | Queue | Villager (Male) |
| 13:08 | Build | Stone Wall |
| 13:36 | Build | House |
| 13:38 | Build | House |
| 13:51 | Build | Farm |
| 13:52 | Build | Farm |
| 13:54 | Build | Farm |
| 13:55 | Build | Farm |
| 14:15 | Age | Castle Age |
| 14:18 | Build | Siege Workshop |
| 14:21 | Queue | Villager (Male) |
| 14:33 | Build | Monastery |
| 14:49 | Queue | Mangonel |
| 15:00 | Queue | Villager (Male) |
| 15:19 | Build | House |
| 15:20 | Build | House |
| 15:20 | Queue | Monk |
| 15:23 | Build | House |
| 15:23 | Build | House |
| 15:24 | Queue | Villager (Male) |
| 15:28 | Build | Farm |
| 15:54 | Queue | Villager (Male) |
| 15:56 | Queue | Mangonel |
| 16:17 | Queue | Villager (Male) |
| 16:21 | Queue | Villager (Male) |
| 16:33 | Build | Farm |
| 16:58 | Queue | Villager (Male) |
| 17:10 | Queue | Villager (Male) |
| 17:16 | Build | Farm |
| 17:17 | Build | Farm |
| 18:03 | Queue | Villager (Male) |
| 18:09 | Build | Farm |
| 18:10 | Build | Farm |
| 18:25 | Queue | Villager (Male) |
| 18:47 | Queue | Monk |
| 19:03 | Queue | Villager (Male) |
| 19:33 | Queue | Villager (Male) |
| 19:33 | Queue | Villager (Male) |
| 19:45 | Build | Farm |
| 19:45 | Build | Farm |
| 19:46 | Build | Farm |
| 19:51 | Build | Farm |
| 19:53 | Build | Farm |
| 20:04 | Queue | Monk |
| 20:18 | Build | Farm |
| 20:18 | Build | Farm |
| 20:18 | Build | Farm |
| 20:19 | Queue | Villager (Male) |
| 20:19 | Queue | Villager (Male) |
| 20:33 | Queue | Villager (Male) |
| 20:37 | Queue | Mangonel |
| 20:52 | Queue | Villager (Male) |
| 20:57 | Queue | Villager (Male) |
| 21:11 | Queue | Villager (Male) |
| 21:21 | Queue | Villager (Male) |
| 21:45 | Queue | Villager (Male) |
| 22:01 | Queue | Villager (Male) |
| 22:06 | Queue | Villager (Male) |
| 22:24 | Research | Bow Saw |
| 22:39 | Queue | Villager (Male) |
| 22:41 | Build | Farm |
| 22:42 | Queue | Monk |
| 23:07 | Queue | Villager (Male) |
| 23:07 | Queue | Villager (Male) |
| 23:27 | Queue | Villager (Male) |
| 23:27 | Queue | Villager (Male) |
| 23:38 | Queue | Villager (Male) |
| 23:38 | Queue | Villager (Male) |
| 23:57 | Queue | Villager (Male) |
| 23:57 | Queue | Villager (Male) |
| 24:01 | Queue | Monk |
| 24:13 | Queue | Villager (Male) |
| 24:13 | Queue | Villager (Male) |
| 24:24 | Queue | Villager (Male) |
| 24:24 | Queue | Villager (Male) |
| 24:34 | Queue | Monk |
| 24:42 | Queue | Villager (Male) |
| 24:46 | Build | Farm |
| 24:50 | Build | Town Center |
| 24:59 | Queue | Villager (Male) |
| 25:08 | Queue | Mangonel |
| 25:09 | Queue | Villager (Male) |
| 25:10 | Build | Farm |
| 25:14 | Build | Farm |
| 25:15 | Build | Farm |
| 25:15 | Queue | Villager (Male) |
| 25:16 | Queue | Villager (Male) |
| 25:20 | Build | Farm |
| 25:44 | Queue | Villager (Male) |
| 25:44 | Queue | Villager (Male) |
| 26:02 | Build | University |
| 26:13 | Queue | Monk |
| 26:20 | Queue | Villager (Male) |
| 26:33 | Build | Stone Wall |
| 27:15 | Research | Imperial Age |
| 27:15 | Research | Imperial Age |
Build order — LGN.Chelito_SM
First 150 of 299 actions detected
| 0:02 | Queue | Villager (Male) ×4 |
| 0:03 | Queue | Villager (Male) ×4 |
| 0:05 | Build | House |
| 0:07 | Build | House |
| 1:28 | Queue | Villager (Male) |
| 1:28 | Queue | Villager (Male) |
| 1:28 | Queue | Villager (Male) |
| 1:54 | Build | Lumber Camp |
| 2:04 | Queue | Villager (Male) |
| 2:04 | Queue | Villager (Male) |
| 2:05 | Queue | Villager (Male) |
| 2:25 | Queue | Villager (Male) |
| 2:26 | Queue | Villager (Male) |
| 2:26 | Queue | Villager (Male) |
| 2:47 | Queue | Villager (Male) |
| 2:47 | Queue | Villager (Male) |
| 2:47 | Queue | Villager (Male) |
| 3:15 | Queue | Villager (Male) |
| 3:15 | Queue | Villager (Male) |
| 3:37 | Queue | Villager (Male) |
| 3:37 | Queue | Villager (Male) |
| 3:52 | Build | House |
| 3:56 | Queue | Villager (Male) |
| 3:56 | Queue | Villager (Male) |
| 3:56 | Queue | Villager (Male) |
| 4:20 | Queue | Villager (Male) |
| 4:20 | Queue | Villager (Male) |
| 5:01 | Queue | Villager (Male) |
| 5:10 | Queue | Villager (Male) |
| 5:47 | Build | House |
| 5:49 | Queue | Villager (Male) |
| 5:50 | Queue | Villager (Male) |
| 5:50 | Queue | Villager (Male) |
| 5:54 | Build | Mining Camp |
| 6:13 | Research | Loom |
| 6:23 | Build | Mill |
| 7:25 | Research | Feudal Age |
| 7:25 | Research | Feudal Age |
| 7:25 | Research | Feudal Age |
| 8:54 | Build | House |
| 9:04 | Queue | Villager (Male) |
| 9:04 | Queue | Villager (Male) |
| 9:17 | Build | House |
| 9:35 | Age | Feudal Age |
| 9:39 | Build | Watch Tower |
| 9:43 | Build | Watch Tower |
| 9:45 | Research | Double-Bit Axe |
| 9:46 | Queue | Villager (Male) |
| 10:09 | Queue | Villager (Male) |
| 10:32 | Queue | Villager (Male) |
| 11:06 | Queue | Villager (Male) |
| 11:06 | Queue | Villager (Male) |
| 11:09 | Queue | Villager (Male) |
| 11:09 | Queue | Villager (Male) |
| 11:10 | Queue | Villager (Male) |
| 11:45 | Build | Barracks |
| 11:59 | Build | Mill |
| 12:26 | Queue | Villager (Male) |
| 12:27 | Queue | Villager (Male) |
| 12:27 | Queue | Villager (Male) |
| 12:27 | Queue | Villager (Male) |
| 12:33 | Build | Watch Tower |
| 12:38 | Queue | Villager (Male) |
| 13:28 | Queue | Villager (Male) |
| 13:28 | Queue | Villager (Male) |
| 13:28 | Queue | Villager (Male) |
| 13:37 | Build | Watch Tower |
| 14:02 | Queue | Villager (Male) |
| 14:26 | Build | Stable |
| 14:34 | Queue | Villager (Male) |
| 14:38 | Build | Farm |
| 14:47 | Queue | Villager (Male) |
| 14:49 | Build | Farm |
| 15:03 | Build | House |
| 15:08 | Build | Farm |
| 15:12 | Queue | Villager (Male) |
| 15:18 | Build | Watch Tower |
| 15:36 | Queue | Scout Cavalry |
| 15:41 | Queue | Villager (Male) |
| 15:41 | Queue | Villager (Male) |
| 15:41 | Queue | Villager (Male) |
| 16:03 | Queue | Villager (Male) |
| 16:13 | Build | Blacksmith |
| 16:33 | Queue | Villager (Male) |
| 16:36 | Build | Farm |
| 17:00 | Research | Fletching |
| 17:05 | Queue | Villager (Male) |
| 17:09 | Build | Farm |
| 17:11 | Build | Farm |
| 17:18 | Queue | Scout Cavalry |
| 17:25 | Build | Farm |
| 17:27 | Build | Farm |
| 17:29 | Build | House |
| 17:32 | Research | Horse Collar |
| 17:54 | Build | Farm |
| 18:07 | Build | House |
| 18:10 | Queue | Villager (Male) |
| 18:22 | Research | Town Watch |
| 18:39 | Build | Watch Tower |
| 18:44 | Queue | Scout Cavalry |
| 19:11 | Queue | Villager (Male) |
| 19:15 | Build | Farm |
| 19:18 | Queue | Villager (Male) |
| 19:33 | Research | Scale Barding Armor |
| 19:39 | Build | House |
| 19:43 | Queue | Villager (Male) |
| 19:46 | Build | Farm |
| 19:50 | Build | Farm |
| 19:53 | Build | Farm |
| 19:57 | Queue | Scout Cavalry |
| 20:07 | Build | House |
| 20:20 | Queue | Villager (Male) |
| 20:49 | Build | Farm |
| 20:50 | Build | Farm |
| 20:50 | Build | Farm |
| 20:50 | Build | Farm |
| 20:50 | Build | Farm |
| 20:51 | Build | Farm |
| 20:56 | Queue | Villager (Male) |
| 21:04 | Queue | Scout Cavalry |
| 21:10 | Queue | Villager (Male) |
| 21:24 | Build | Mining Camp |
| 21:56 | Queue | Scout Cavalry |
| 22:02 | Queue | Villager (Male) |
| 22:02 | Queue | Villager (Male) |
| 22:02 | Queue | Villager (Male) |
| 22:18 | Research | Forging |
| 22:37 | Queue | Villager (Male) |
| 22:53 | Build | Stable |
| 23:19 | Queue | Villager (Male) |
| 23:22 | Queue | Villager (Male) |
| 23:26 | Build | Market |
| 23:28 | Queue | Villager (Male) |
| 23:35 | Queue | Scout Cavalry |
| 23:46 | Queue | Scout Cavalry |
| 24:00 | Queue | Scout Cavalry |
| 24:18 | Queue | Villager (Male) |
| 24:31 | Build | Watch Tower |
| 24:39 | Queue | Villager (Male) |
| 25:07 | Build | Watch Tower |
| 25:21 | Queue | Scout Cavalry |
| 25:32 | Research | Castle Age |
| 25:52 | Build | Watch Tower |
| 26:01 | Build | Stable |
| 26:11 | Research | Bloodlines |
| 26:20 | Research | Gold Mining |
| 26:21 | Research | Stone Mining |
| 26:39 | Queue | Scout Cavalry |
| 26:39 | Queue | Scout Cavalry |
| 26:39 | Queue | Scout Cavalry |
Match timeline
| 9:35 | LGN.Chelito_SM · age_up feudal |
| 10:38 | 刻骨銘心 · age_up feudal |
| 11:45 | LGN.Chelito_SM · first_building Barracks |
| 12:30 | 刻骨銘心 · wall_segment Stone Wall x1 |
| 12:38 | 刻骨銘心 · wall_segment Stone Wall x1 |
| 12:40 | 刻骨銘心 · wall_segment Stone Wall x1 |
| 12:44 | 刻骨銘心 · wall_segment Stone Wall x1 |
| 13:08 | 刻骨銘心 · wall_segment Stone Wall x6 |
| 14:15 | 刻骨銘心 · age_up castle |
| 14:18 | 刻骨銘心 · first_building Siege Workshop |
| 14:26 | LGN.Chelito_SM · first_building Stable |
| 14:33 | 刻骨銘心 · first_building Monastery |
| 25:24 | LGN.Chelito_SM · first_market_buy 100 food |
| 25:30 | LGN.Chelito_SM · first_market_sell 100 wood |
| 26:25 | 刻骨銘心 · first_market_sell 100 wood |
| 26:33 | 刻骨銘心 · wall_segment Stone Wall x6 |
| 28:12 | LGN.Chelito_SM · age_up castle |
| 28:55 | LGN.Chelito_SM · first_building Monastery |
| 29:01 | 刻骨銘心 · first_building Barracks |
| 29:52 | 刻骨銘心 · first_building Stable |
| 30:25 | 刻骨銘心 · age_up imperial |
| 31:58 | 刻骨銘心 · first_market_buy 100 food |
| 33:19 | LGN.Chelito_SM · first_building Archery Range |
| 34:31 | 刻骨銘心 · first_building Castle |
| 37:19 | LGN.Chelito_SM · age_up imperial |
| 37:29 | LGN.Chelito_SM · first_building Castle |
| 42:55 | LGN.Chelito_SM · resign |
[ AI ANALYSIS · 1 CREDIT ]
What really happened in this match?
Wolo.gg analyzes every decision: build order, eco, micro, common mistakes by bracket. Personalized analysis on WhatsApp or Discord in 30 seconds.
Civ guide
Turks
Perfil
Jugador #6017945